Cogmind - Beta 13 @@@ ROGUE MODE // 2024.04.02 @ 21:05:58 Player: TheDoorMatt Result: Smashed by cave-in Performance ------------- Evolutions (1) 500 Regions Visited (2) 400 Robots Destroyed (29) 145 Value Destroyed (633) 633 Prototype IDs (0) 0 Alien Tech Used (0) 0 Bonus (0) 0 TOTAL SCORE: 1678 Bonus ------- None Cogmind --------- Core Integrity 0/400 Matter 215/300 Energy 14/100 System Corruption 2% Temperature Cool (69) Movement Core (100) Ox1 Location -9/Materials Parts ------- > --- POWER (1) -------- (None) > --- PROPULSION (2) --- (None) > --- UTILITY (4) ------ Shield Generator > --- WEAPON (2) ------- Mini Grenade Launcher Heavy Hammer > --- INVENTORY (5) ---- Medium Laser Medium Laser Mini Grenade Launcher Katana Peak State ------------ > --- POWER ------------ Light Ion Engine > --- PROPULSION ------- Improved Treads Improved Treads > --- UTILITY ---------- Improved Terrain Scanner Seismic Detector > --- WEAPON ----------- Mining Laser Heavy Hammer > --- INVENTORY -------- Ion Engine Core Shielding Medium Laser Medium Laser [Rating: 12] Favorites ----------- Power Light Ion Engine Engine Light Ion Engine Propulsion Aluminum Leg Treads Improved Treads Leg Aluminum Leg Wheel Compact Wheel Utility Improved Terrain Scanner Device Improved Terrain Scanner Storage Small Storage Unit Protection Core Shielding Weapon Medium Laser Energy Gun Medium Laser Launcher Mini Grenade Launcher Special Weapon Mining Laser Impact Weapon Heavy Hammer Build | -11 -10 -9 ------- Run | Yrd Mat Mat Slots Evolved 2 | . . 2 Power . | . . . Propulsion . | . . . Utility 2 | . . 2 Weapon . | . . . Parts Attached 29 | 13 4 12 Power 5 | 1 1 3 Engine 5 | 1 1 3 Core . | . . . Reactor . | . . . Propulsion 11 | 6 2 3 Treads 4 | 2 2 . Leg 5 | 2 . 3 Wheel 2 | 2 . . Hover . | . . . Flight . | . . . Utility 8 | 3 . 5 Device 5 | 2 . 3 Storage 1 | 1 . . Processor . | . . . Hackware . | . . . Protection 2 | . . 2 Artifact . | . . . Weapon 5 | 3 1 1 Energy Gun 2 | 2 . . Energy Cannon . | . . . Ballistic Gun . | . . . Ballistic Cannon . | . . . Launcher 1 | . . 1 Special Weapon 1 | 1 . . Impact Weapon 1 | . 1 . Slashing Weapon . | . . . Piercing Weapon . | . . . Special Melee Weapon . | . . . Unidentified Prototypes . | . . . Parts Lost 13 | . 1 12 Power 2 | . . 2 Propulsion 4 | . . 4 Utility 6 | . . 6 Weapon 1 | . 1 . Highest Loss Streak 5 | . 1 5 To Critical Strikes . | . . . Average Slot Usage (%) 79 | . 94 70 Engine 11 | . 14 9 Treads 14 | . 24 8 Leg 6 | . 3 9 Device 19 | . 28 13 Protection 6 | . . 10 Launcher 4 | . . 7 Special Weapon 3 | . 8 . Impact Weapon 11 | . 11 11 Naked Turns . | . . . Heaviest Build 13 | 13 9 13 Greatest Support 46 | 26 46 46 Greatest Overweight (x) 3 | 3 . 3 Average Overweight (x) . | . . . Largest Inventory Capacity 8 | 8 5 5 Average Capacity 5 | 5 5 5 Most Carried 6 | 6 5 5 Average Carried 4 | 4 4 4 Final Capacity 5 | 5 5 5 Final Carried 5 | 4 5 4 Class Distribution -------------------- 100% | Mutant Dominant Class ---------------- Mutant | -10/Materials Mutant | -9/Materials Resources | -11 -10 -9 ----------- Run | Yrd Mat Mat Matter Collected 433 | 318 26 89 Remotely . | . . . Salvage Created 728 | 102 16 610 Parts 51 | 18 2 31 Haulers Intercepted . | . . . Recyclers Shooed . | . . . Parts Field Recycled . | . . . Retrieved Matter . | . . . Parts Self-Destructed . | . . . Prevented . | . . . Kills | -11 -10 -9 ------- Run | Yrd Mat Mat Combat Hostiles Destroyed 22 | . 3 19 Melee 13 | . . 13 Cannons 1 | . 1 . AOE 2 | . . 2 Classes Destroyed 6 | 1 1 4 Tunneler 6 | 6 . . Recycler 1 | . . 1 Swarmer 10 | . 3 7 Grunt 10 | . . 10 Duelist 1 | . . 1 Sentry 1 | . . 1 Best Kill Streak 5 | 2 3 5 Combat Bots Only 5 | . 3 5 Max Kills in Single Turn 1 | 1 1 1 Gunslinging . | . . . Exploded 1 | . . 1 Melee 1 | . . 1 Uniques/NPCs Destroyed . | . . . Combat | -11 -10 -9 -------- Run | Yrd Mat Mat Hostile Shots Fired 158 | 3 32 123 Missed 37 | 1 3 33 Damage Taken 1517 | 33 240 1244 Core 510 | . 89 421 Absorbed by Shields 26 | . . 26 Redirected to Shielding 50 | . . 50 Core Remaining (%) 82 | 100 64 . Volleys Fired 75 | 58 10 7 Largest 2 | 2 1 1 Hottest 100 | 100 100 30 Shots Fired 95 | 78 10 7 Gun 40 | 40 . . Cannon . | . . . Launcher 7 | . . 7 Special 48 | 38 10 . Kinetic . | . . . Thermal 88 | 78 10 . Explosive 7 | . . 7 Electromagnetic . | . . . Robot Hit Streak 7 | 6 1 7 Robot Miss Streak 3 | 3 2 . Penetration Max . | . . . Secondary Targets . | . . . Shots Hit Robots 66 | 23 4 39 Core Hits 24 | 6 1 17 Critical Kills 1 | . . 1 Critical Parts Destroyed 4 | . . 4 Critical Strikes 6 | 1 . 5 Burn 1 | 1 . . Smash 5 | . . 5 Melee Attacks 59 | . 6 53 Impact 59 | . 6 53 Slashing . | . . . Piercing . | . . . Sneak Attacks 1 | . . 1 Combat Hostiles . | . . . Follow-up Attacks . | . . . Damage Inflicted 2053 | 288 121 1644 Guns 286 | 286 . . Cannons . | . . . Explosions 274 | . . 274 Melee 1467 | . 97 1370 Ramming 2 | 2 . . Kinetic . | . . . Thermal 315 | 286 24 5 Explosive 216 | . . 216 Electromagnetic 53 | . . 53 Impact 1467 | . 97 1370 Slashing . | . . . Piercing . | . . . Highest Corruption 2 | . . 2 Average Corruption 2 | . . 2 Corruption Purged . | . . . Corruption Blocked . | . . . Effects 1 | . . 1 Heat Flow Errors 1 | . . 1 Overload Shots . | . . . Overflow Damage 353 | . 37 316 Projectiles . | . . . Explosions 34 | . . 34 Melee 319 | . 37 282 Knockbacks 6 | . . 6 Impact 6 | . . 6 Kinetic . | . . . Secondary . | . . . Self-Inflicted Damage 281 | . . 281 Shots 9 | . . 9 Rammed . | . . . Targets Rammed 1 | 1 . . Kicked 1 | 1 . . Crushed . | . . . Highest Temperature 142 | 142 62 89 Average Temperature 35 | 36 26 43 Received Heat Transfer 366 | . 9 357 Siege Activations . | . . . Robots Corrupted . | . . . Combat Hostiles . | . . . Parts Fried 7 | . 2 5 Impact Corruptions 17 | . 3 14 Robots Melted . | . . . Combat Hostiles . | . . . Parts Melted 2 | 2 . . Heat Transferred 1025 | 925 50 50 Parts Sabotaged . | . . . Parts Stolen . | . . . Parts Stripped . | . . . Power Chain Reactions 3 | . . 3 Alert | -11 -10 -9 ------- Run | Yrd Mat Mat Peak Influence 246 | 15 75 246 Initial 31 | . . 31 Average 32 | 2 26 164 Maximum Alert Level 1 | . . 1 Low Security (%) 94 | 100 100 66 Level 1 5 | . . 33 Level 2 . | . . . Level 3 . | . . . Level 4 . | . . . Level 5 . | . . . High Security . | . . . Max Security . | . . . Squads Dispatched 2 | . . 2 Investigation 1 | . . 1 Extermination . | . . . Reinforcement 1 | . . 1 Assault . | . . . Garrison . | . . . Intercept . | . . . Searches Triggered . | . . . Construction Impeded . | . . . Haulers Reinforced . | . . . Active Scanning Responses . | . . . Cargo Convoy Interrupts . | . . . Stealth | -11 -10 -9 --------- Run | Yrd Mat Mat Distress Signals 2 | . . 2 Communications Jammed . | . . . Distress Signals . | . . . Times Spotted 40 | 5 5 30 Peak Tracking Total 7 | 5 3 7 Tactical Retreats . | . . . Traps | -11 -10 -9 ------- Run | Yrd Mat Mat Traps Triggered . | . . . Indirectly . | . . . Trap Hack Attempts . | . . . Triggered . | . . . Disarmed . | . . . Reprogrammed . | . . . Reused . | . . . Traps Extracted . | . . . Installed . | . . . Triggered . | . . . Machines | -11 -10 -9 ---------- Run | Yrd Mat Mat Machines Disabled 4 | . . 4 Max in Single Turn 1 | . . 1 Machines Repaired . | . . . Machines Dismantled . | . . . Machines Sabotaged . | . . . Overloaded Fab Kills . | . . . Hacking | -11 -10 -9 --------- Run | Yrd Mat Mat Machines Accessed 4 | . 1 3 Terminals 4 | . 1 3 Fabricators . | . . . Repair Stations . | . . . Recycling Units . | . . . Scanalyzers . | . . . Garrison Access . | . . . Total Hacks 12 | . 2 10 Successful 8 | . 2 6 Failed 4 | . . 4 Catastrophic 1 | . . 1 Database Lockouts . | . . . Manual . | . . . Terminals 12 | . 2 10 Fabricators . | . . . Repair Stations . | . . . Recycling Units . | . . . Scanalyzers . | . . . Garrison Access . | . . . Terminal Hacks 8 | . 2 6 Record 4 | . 1 3 Alert Level 2 | . . 2 Unreport Threat 1 | . . 1 Zone Layout 1 | . 1 . Fabricator Hacks . | . . . Repair Station Hacks . | . . . Recycling Unit Hacks . | . . . Scanalyzer . | . . . Garrison Access Hacks . | . . . Unauthorized Hacks . | . . . Terminals . | . . . Fabricators . | . . . Repair Stations . | . . . Recycling Units . | . . . Scanalyzers . | . . . Garrison Access . | . . . Data Cores Recovered . | . . . Used . | . . . Hacking Detections 3 | . 1 2 Full Trace Events 1 | . . 1 Feedback Events . | . . . Feedback Blocked . | . . . Robot Schematics Acquired . | . . . Robots Built . | . . . Authchips . | . . . Time . | . . . Total Robot Build Rating . | . . . Part Schematics Acquired . | . . . Parts Built . | . . . Authchips . | . . . Time . | . . . Total Part Build Rating . | . . . Parts Repaired . | . . . Time . | . . . Parts Recycled . | . . . Recycled Matter . | . . . Retrieved Matter . | . . . Retrieved Components . | . . . Parts Scanalyzed . | . . . Part Schematics Acquired . | . . . Parts Damaged . | . . . Bothacking | -11 -10 -9 ------------ Run | Yrd Mat Mat Used RIF Installer . | . . . Robots Hacked . | . . . Non-combat . | . . . Combat . | . . . Robot Hacks Applied . | . . . Relay Couplers Released . | . . . Fabnet Peak Effective % . | . . . Robots Rewired . | . . . Allies Hacked . | . . . Hacks Repelled . | . . . Allies | -11 -10 -9 -------- Run | Yrd Mat Mat Total Allies . | . . . Largest Group . | . . . Highest-Rated Group . | . . . Highest-Rated Ally . | . . . Total Orders . | . . . Ally Attacks . | . . . Total Damage . | . . . Kills . | . . . Allies Corrupted . | . . . Allies Melted . | . . . Intel | -11 -10 -9 ------- Run | Yrd Mat Mat Robot Analysis Total . | . . . Derelict Logs Recovered . | . . . Drone Launches . | . . . Drone Recoveries . | . . . Exploration | -11 -10 -9 ------------- Run | Yrd Mat Mat Turns Passed 3064 | 2219 330 515 Spaces Moved 1218 | 847 169 202 Core 45 | 12 . 33 Treads 263 | . 146 117 Legs 839 | 764 23 52 Wheels 71 | 71 . . Hover . | . . . Flight . | . . . Fastest Speed 50 | 50 120 100 Average Speed 128 | 117 154 153 Slowest Speed 200 | 200 160 200 Overloaded Moves . | . . . Propulsion Burnouts . | . . . Robots Hopped . | . . . Cave-ins Triggered 1 | . . 1 Exploration Rate (%) 42 | 61 35 30 Regions Visited 2 Branch Regions . Pre-discovered Areas . | . . . Known Exits Taken . | . . . Unknown Exits Taken 2 | 1 1 . Scrap Searched . | . . . Spaces Dug 18 | 8 8 2 Terrain Destroyed 64 | 10 10 44 Melee 3 | . 1 2 Projectile 19 | 10 9 . AOE 42 | . . 42 Terrain Rammed . | . . . Walls Destroyed . | . . . Machines Disabled . | . . . Actions | -11 -10 -9 --------- Run | Yrd Mat Mat Total 2412 | 1909 198 305 Wait 1001 | 977 2 22 Move 1216 | 846 168 202 Hop . | . . . Pick Up 16 | 9 2 5 Fast Attach 18 | 7 4 7 Attach 5 | 1 . 4 Detach 1 | . 1 . Swap 6 | 5 . 1 Drop 14 | 5 5 4 Fire 75 | 58 10 7 Melee 59 | . 6 53 Ram . | . . . Kick 1 | 1 . . Crush . | . . . Escape Stasis . | . . . Rewire . | . . . Trap . | . . . Miscellaneous . | . . . Route ------- -11/Scrapyard -10/Materials -9/Materials History --------- Turn | Location | Event 43 | -11/Scrapyard | Discovered new exit (range 16) 2163 | -11/Scrapyard | Assembled infested the area 2220 | -11/Scrapyard | Entered Materials 2221 | -10/Materials | Build established: Mutant 2526 | -10/Materials | Discovered new exit (range 16) 2550 | -10/Materials | Entered another Materials area 2550 | -9/Materials | Evolved 2 slots: Utility x2 2981 | -9/Materials | Core integrity fell below 50% 2993 | -9/Materials | Core integrity fell below 20% 3023 | -9/Materials | Lost 5 parts (2p2n1u) 3066 | -9/Materials | Crushed by falling debris 3066 | -9/Materials | Smashed by cave-in Last Messages --------------- Chain reaction triggered in Corrupted Ion Engine. Chain reaction triggered in Imp. Ion Engine. Chain reaction triggered in Corrupted Imp. Ion Engine. Acquired Lgt. Armor Plating. U-05 Engineer builds a Door. Acquired Shield Generator. The unstable cave ceiling collapses. Acquired Shield Generator. Matter Filter disabled. Heat Sink destroyed. Destroyed Heat Sink. Lgt. Armor Plating destroyed. Destroyed Lgt. Armor Plating. Shield Generator destroyed. Destroyed Shield Generator. System corrupted: Heat flow error (+102). The unstable cave ceiling collapses. Crushed by falling debris. Map ----- +----------------------------------------------------+ | ????????????######### #? ??????? ????? | | ???????????????#????# #?? ???????????? | | ?????????????? ????# #?? #??????????? | | ????????????? ????# ####### ####??????????? | | ???????????+ """ ???# #????#?????????????? | | ???????????# """ ???# ##### #??????????????????? | | ???????????# """ ???# ##### #??????????????????? | | ???????????# #####+# " ##+#??????????????????? | | ???????????# """ [= % * #??????????????????? | | ???????????# """ *= ""#??????????????????? | | ???????????# """ % T"#??????????????????? | | ???????????# [ ""#??????????????????? | | ???????????# ] ! #??????????????????? | | ???????????##### # ########??????????????????? | | ???????????#### #??????????????????????? | | ???????????# "" #??????????????????#???? | | ???????????# """ # """" ############### !???? | | ???????????# """ # """"" # ??? | | ???????????+ """ # + ??? | | ???????????# ?# !] # ??? | | ????????????! ?# !] # # +#########?????????? | | ???????????? ?# !! [ #????????????? | | ???????????####??# #????????????? | | ?????????????????####### """" #????????????? | | ??????????????????????# Y """" #????????????? | | ??????????????????????# @ """" #????????????? | | ??????????????????????# """" #????????????? | | ??????????????????????## """" #????????????? | | ???????????????????????## ?????????????? | | ????????????????????????##### ######?????????????? | | ?????????????????????????????##??????????????????? | | ?????????????????????????????????????????????????? | | ?????????????????????????????????????????????????? | | ?????????????????????????????????????????????????? | | ?????????????????????????????????????????????????? | | ?????????????????????????????????????????????????? | | ?????????????????????????????????????????????????? | | | | | | | | | | | | | | | | | | | | | | | | | | | +----------------------------------------------------+ Best States ------------- Heat Dissipation 38 Energy Generation 12 Energy Capacity 265 Matter Stores 300 Matter Capacity 300 Sight Range 16 Terrain Scan Range 16 Terrain Scan Density 10 Armor Coverage 150 Core Shielding 20 Evasion (%) 55 Recoil Reduction 2 Item Schematics ----------------- None Robot Schematics ------------------ None Fabricated ------------ Nothing Alien Tech Used ----------------- None Achievements -------------- Curiosity Killed The Cat Challenges ------------ None Game ------ Seed CatalystBehemothArchive Manual? 0 Play Time 00:30:09 Cumulative 16.1 hours Start 2024.04.02 @ 20:34:24 End 2024.04.02 @ 21:05:58 Sessions 1 Manual Loads 0 Difficulty Rogue Special Mode None Game No. 10 Rogue 10 Adventurer 0 Explorer 0 Win Type - Total 0 Types 0/0/0/0/0/0/0/0/0 Lore% 14 Gallery% 15 Achievement% 14 Wizard Run 0 Options --------- Layout 1 ASCII 0 Keyboard 0 Movement Mouse Keybinds 0 Fullscreen 1 Font 24/Smallcaps Map View 50x35 Zoom Use 0% Tactical HUD 0 Map Filters NONE Filters NONE Steam 1 RUN: cb3eda10-3136-4b2f-9136-ebc7b5ee2ba1